 Dungeon Crawl Stone Soup version 0.30-a0-1018-g25214051b3 (webtiles) character file.

Game seed: 7161731240568258237

126 kae the Insei (level 4, -6/32 HPs)
             Began as a Demonspawn Transmuter on Apr 7, 2023.
             Mangled by Natasha (9 damage)
             ... on level 3 of the Dungeon.
             The game lasted 00:02:05 (2144 turns).

kae the Insei (Demonspawn Transmuter)               Turns: 2144, Time: 00:02:06

Health: -6/32      AC:  2    Str: 10    XL:     4   Next: 84%
Magic:  4/7        EV: 19    Int: 17    God:
Gold:   123        SH:  0    Dex: 18    Spells: 2/8 levels left

rFire   . . .      SeeInvis .      - Unarmed
rCold   . . .      Faith    .    (shield currently unavailable)
rNeg    . . .      Spirit   .    a - melded +1 robe
rPois   x          Reflect  .    (helmet currently unavailable)
rElec   .          Rampage  .    m - melded +1 cloak
rCorr   .                        (gloves currently unavailable)
Will    .....                    (boots currently unavailable)
Stlth   ++                       (no amulet)
HPRegen 0.25/turn                (no ring)
MPRegen 0.10/turn                (no ring)

@: spider-form
A: venomous fangs, tiny, (horns 2)
a: End Transformation


You were on level 3 of the Dungeon.
You were a venomous arachnid creature.
You visited 1 branch of the dungeon, and saw 3 of its levels.

You collected 123 gold pieces.


Innate Abilities, Weirdness & Mutations

You are a venomous arachnid creature.
You have venomous fangs.
You are tiny and dextrous.
Your spellcasting is less reliable in this form.
Your armour is entirely melded.
You are incapable of wielding weapons or throwing items.
((You have a pair of horns on your head.))


   Skills:
 - Level 1.0 Fighting
 - Level 1.7 Dodging
 + Level 3.3 Unarmed Combat
 + Level 2.6 Spellcasting
 * Level 3.2 Transmutations
 * Level 1.9 Poison Magic


You had 2 spell levels left.
You knew the following spells:

 Your Spells              Type           Power      Damage    Failure   Level
a - Beastly Appendage     Tmut           26%        N/A       14%         1
b - Wereblood             Tmut           13%        N/A       21%         2
c - Spider Form           Tmut/Pois      10%        N/A       38%         3

Your spell library contained the following spells:

 Spells                   Type           Power      Damage    Failure   Level
 Blink                    Tloc           4%         N/A       50%         2
 Ice Form                 Ice/Tmut       7%         N/A       85%         4
 Manifold Assault         Tloc           2%         N/A       96%         4
 Storm Form               Tmut/Air       3%         N/A       100%        7

Inventory:

Missiles
 e - 23 stones
 i - 2 poisoned darts
 l - 3 javelins
Armour
 a - a +1 robe (melded)
 m - a +1 cloak (melded)
   (You found it on level 2 of the Dungeon)
Scrolls
 j - 3 scrolls of identify {@r1}
 k - a scroll of butterflies {unknown}
Potions
 b - 2 potions of lignification {!q}
 c - a potion of ambrosia
 d - 3 potions of brilliance {unknown}
 f - a potion of resistance {unknown}
 g - 2 potions of haste {unknown}
 h - a potion of curing {unknown}

Dungeon Overview and Level Annotations

Branches:
Dungeon (3/15) Zot: 15865

Altars:
Yredelemnul

Annotations:
D:3 1 runed translucent door, Natasha

...........#########.###.##.#
# ....###.##.### #..#.###..
.. #.##.#.## #.#.## #.##
#.......# #+### ##. ####.#.##
#...# # .######.#.# #.....
........#.## #5..... #.#
##.........##...)... ...
.....###....sh5..... #.#
.#...#p#...##.......
.....#+#...# #......
#..........# #.....
##8.#####.8# #...#
####...###. .... #._.# #. .##
#... .# # ### #


You could see Natasha (very poisoned), 2 cerulean imps and a neutral human
(wandering).


Message History

😕 HP[+1]
You hit Natasha.
You kill Natasha!
Natasha yowls pathetically as she dies!
The cerulean imp disappears in a puff of smoke!
Unknown command.
You see here the felid corpse of Natasha.
Unknown command.
Your transformation is almost over.
Your transformation has ended.
Your +1 cloak unmelds from your body.
Your +1 robe unmelds from your body. 😎 HP[+3] MP[+1]
Your hp is fully restored (32).
You see here a +0 chain mail.
A giant cockroach comes into view. 😎 MP[+2]
Your mp is fully restored (7).
A giant cockroach is nearby!
Unknown command.
A giant cockroach is nearby!
A giant cockroach is nearby!
You hit the giant cockroach but do no damage.
You headbutt the giant cockroach, but do no damage.
The giant cockroach bites you but does no damage.
The giant cockroach misses you.
Casting: Spider Form (quite dangerous; 19% risk of failure)
Confirm with . or Enter, or press ? or * to list all spells.
Your feet morph into talons.
The giant cockroach bites you but does no damage.
The giant cockroach bites you but does no damage. 😎 MP[-1]
You lost 1 mp, and now have 6/7 mp.
You hit the giant cockroach.
The giant cockroach completely misses you.
You closely miss the giant cockroach. You headbutt the giant cockroach.
The giant cockroach bites you. 😕 HP[-1]
You take 1 damage, and now have 31/32 hp.
A giant cockroach is nearby!
You hit the giant cockroach but do no damage.
The giant cockroach bites you but does no damage.
You hit the giant cockroach but do no damage.
The giant cockroach closely misses you. 😎 HP[+1]
Your hp is fully restored (32).
A giant cockroach is nearby!
You hit the giant cockroach.
You kill the giant cockroach!
No target in view!
You sense Yredelemnul urging you to kill the trapped human. 😎 MP[+1]
Your mp is fully restored (7).
No target in view!
No target in view!
Unknown command.
Found a basalt altar of Yredelemnul.
j - 3 scrolls of identify {@r1} (gained 1) Unknown command.
Your transformation is almost over.
l - 3 javelins You open the door.
Natasha, Servant of Life and Death comes into view.
Natasha hisses angrily.
Natasha mumbles some strange words.
Casting: Beastly Appendage (safe; 4% risk of failure)
Confirm with . or Enter, or press ? or * to list all spells.
The spell is quite dangerous to miscast (19% risk of failure)!
Continue anyway? [Y]es or [N]o only, please.
The spell is quite dangerous to miscast (19% risk of failure)!
Continue anyway?
Your talons disappear.
You turn into a venomous arachnid creature.
Your +1 cloak melds into your body.
Your +1 robe melds into your body. 😎 MP[-3]
You lost 3 mp, and now have 4/7 mp.
Natasha mumbles some strange words.
Natasha claws you.
The cerulean imp hits you from afar with a +0 spear. x2
There is an open door here. 😮 HP[-8]
You take 8 damage, and now have 24/32 hp.
MASSIVE DAMAGE!! (PAUSE)
You hit Natasha but do no damage.
Natasha is poisoned.
Natasha casts a spell at you. The magic dart hits you.
The cerulean imp hits you from afar with a +0 spear.
The cerulean imp barely misses you. 😮 HP[-6]
You take 6 damage, and now have 18/32 hp.
You barely miss Natasha. Natasha claws you.
* * * LOW HITPOINT WARNING * * *
The cerulean imp hits you from afar with a +0 spear.
* * * LOW HITPOINT WARNING * * *
😱 HP[-11]
You take 11 damage, and now have 7/32 hp.
MASSIVE DAMAGE!! (PAUSE)
You hit Natasha.
The cerulean imp hits you from afar with a +0 spear.
* * * LOW HITPOINT WARNING * * *
Natasha claws you!
You die...

Skill      XL: |  1  2  3  4 |
---------------+-------------+-----
Transmutations | 2 3 |  3.2
Unarmed Combat | 3 |  3.3
Poison Magic   | 1 |  1.9
Fighting       | |  1.0
Dodging        | |  1.7
Spellcasting   | |  2.6

Action                     |  1- 3 |  4- 6 || total
---------------------------+-------+-------++-------
  Melee: Unarmed           |   116 |    63 ||   179
         Kick              |    25 |     7 ||    32
         Headbutt          |    23 |    10 ||    33
         Punch             |     3 |     2 ||     5
   Cast: Beastly Appendage |    27 |     7 ||    34
         Spider Form       |     1 |     2 ||     3
         Wereblood         |       |     1 ||     1
    Use: Scroll            |     4 |     3 ||     7
 Armour: Robe              |    26 |    18 ||    44
  Dodge: Dodged            |    66 |    36 ||   102

Levels and vault maps discovered:
D:1:      mrwooster_arrival_statue, layout_basic, serial_park_tiny_2,
          nicolae_concentric_dashed_squares_wild
D:2:      layout_basic
D:3:      layout_loops_corners, dk_yredelemnul_ordeal,
          dreamdust_princess_bridge, serial_park_tiny_pond, uniq_natasha

Notes
Turn   | Place    | Note
-------+----------+-------------------------------------------
     0 | D:1      | kae the Demonspawn Transmuter began the quest for the Orb.
     0 | D:1      | Reached XP level 1. HP: 15/15 MP: 3/3
     0 | D:1      | magus.rc [v1.11.3]
   110 | D:1      | Reached skill level 2 in Transmutations
   260 | D:1      | Mutation became permanent: You have a pair of small horns
                  | on your head. [demonic ancestry]
   260 | D:1      | Gained mutation: You have a pair of horns on your head.
                  | [demonic ancestry]
   260 | D:1      | Reached XP level 2. HP: 21/21 MP: 3/5
   355 | D:1      | You add the spells Blink, Manifold Assault and Storm Form
                  | to your library.
   887 | D:1      | Learned a level 2 spell: Wereblood
   919 | D:2      | Reached skill level 3 in Unarmed Combat
  1010 | D:2      | Gained mutation: You have a pair of horns on your head.
                  | [demonic ancestry]
  1010 | D:2      | Reached XP level 3. HP: 26/26 MP: 4/6
  1014 | D:2      | Learned a level 3 spell: Spider Form
  1278 | D:2      | Reached skill level 1 in Poison Magic
  1282 | D:2      | HP: 6/26 [worm (9)]
  1517 | D:2      | Reached XP level 4. HP: 22/32 MP: 3/7
  1819 | D:3      | Reached skill level 3 in Transmutations
  2029 | D:3      | Noticed Natasha
  2036 | D:3      | Killed Natasha
  2125 | D:3      | Noticed a human
  2126 | D:3      | Found a runed translucent door.
  2130 | D:3      | Found a basalt altar of Yredelemnul.
  2138 | D:3      | Noticed Natasha
  2143 | D:3      | HP: 7/32 [cerulean imp/+0 spear[Natasha] (5)]
  2144 | D:3      | HP: 3/32 [cerulean imp/+0 spear[Natasha] (5)]
  2144 | D:3      | Mangled by Natasha

Vanquished Creatures
  Natasha (D:3)
  4 adders
  5 worms
  A dart slug (D:2)
  8 ball pythons
  2 endoplasms
  5 giant cockroaches
  2 goblins (D:1)
  2 hobgoblins
  4 jackals (D:3)
  4 quokkas
  5 bats
  A frilled lizard (D:2)
  5 kobolds
  5 rats
54 creatures vanquished.

Table legend:
 A = Non-vault XP
 B = Vault XP
 C = Vault XP percentage of total XP
 D = Non-vault monster count
 E = Vault monster count
 F = Vault count percentage of total count
                 A         B        C        D         E       F
            +---------+---------+-------+---------+---------+-------
      Total |     149 |      32 |  17.7 |      53 |       1 |   1.9
            +---------+---------+-------+---------+---------+-------
        D:1 |      31 |       0 |   0.0 |      21 |       0 |   0.0
        D:2 |      66 |       0 |   0.0 |      16 |       0 |   0.0
        D:3 |      52 |      32 |  38.1 |      16 |       1 |   5.9
            +---------+---------+-------+---------+---------+-------

Illustrated notes

Table legend:
 A = Kills in this place as a percentage of kills in the entire game.
 B = Kills by you in this place as a percentage of kills by you in the entire game.
 C = Kills by friends in this place as a percentage of kills by friends in the entire game.
 D = Other kills in this place as a percentage of other kills in the entire game.
 E = Experience gained in this place as a percentage of experience gained in the entire game.
 F = Experience gained in this place divided by the number of levels of this place that you have seen.
                   A       B       C       D       E      F
               +-------+-------+-------+-------+-------+----------------------
         Total | 100.0 | 100.0 |   N/A |   N/A | 100.0 |  60.3
       Dungeon | 100.0 | 100.0 |   N/A |   N/A | 100.0 |  60.3
               +-------+-------+-------+-------+-------+----------------------

Table legend: (Time is in decaauts)
 A = Elapsed time spent in this place.
 B = Non-inter-level travel time spent in this place.
 C = Inter-level travel time spent in this place.
 D = Time resting spent in this place.
 E = Time spent auto-exploring this place.
 F = Levels seen in this place.
 G = Mean time per level.
                   A        B        C        D        E       F      G
               +--------+--------+--------+--------+--------+-----+--------+
         Total |   2133 |   2036 |     97 |      0 |   1579 |   3 |  711.0 |
       Dungeon |   2133 |   2036 |     97 |      0 |   1579 |   3 |  711.0 |
               +--------+--------+--------+--------+--------+-----+--------+

Top non-repeatable levels by time:
     D:1: 906 daAuts
     D:2: 754 daAuts
     D:3: 472 daAuts
